Oilers vs Panthers

Created - 20 novembre 2025 at 21:20

Goals
1 2 3 T
Oilers 0 1 2 3
Panthers 2 1 3 6
Shots
1 2 3 T
Oilers 6 7 4 17
Panthers 7 11 17 35

GoalsPenalties
1st period
1. Panthers , Brady Tkachuk 7 (Jack Hughes 15) at 10:55
2. Panthers , Connor McDavid 12 (Andrei Svechnikov 6, Quinn Hughes 17) at 19:01
No Penalty
2nd period
3. Panthers , Jack Hughes 6 (Ryan McDonagh 5, Brady Tkachuk 10) at 5:08 (PP)
4. Oilers , JJ Peterka 6 (Brandon Hagel 12, David Savard 7) at 6:41
Devon Toews (EDM) for Boarding (Minor) at 3:46
David Savard (EDM) for Hooking (Minor) at 10:57
Vladislav Gavrikov (EDM) for Diving (Minor) at 18:57
3rd period
5. Panthers , Quinn Hughes 4 (Connor McDavid 11, Matthew Tkachuk 10) at 0:24 (PP)
6. Oilers , Cole Perfetti 10 (Evan Rodrigues 5, Marco Rossi 10) at 1:56 (PP)
7. Oilers , Dylan Strome 8 (Alex Vlasic 10, Brandon Hagel 13) at 5:36
8. Panthers , Jack Hughes 7 (Brady Tkachuk 11, Jonas Siegenthaler 1) at 9:25
9. Panthers , Jack Hughes 8 (Ryan McDonagh 6, Owen Tippett 5) at 15:06 (PP)
Chris Tanev (FLA) for Roughing (Minor) at 1:16
Vladislav Gavrikov (EDM) for High sticking (Minor) at 14:17
Hampus Lindholm (FLA) for Cross-checking (Minor) at 16:05
Alex Vlasic (EDM) for Slashing (Minor) at 18:57
Goalie Stats
Karel Vejmelka (EDM), 29 saves from 35 shots - (0,829), L, 8-7-1, 60:00 minutes
Jake Allen (FLA), 14 saves from 17 shots - (0,824), W, 5-1-1, 60:00 minutes
3 StarsOfficial
1 - Jack Hughes (FLA)
2 - Brady Tkachuk (FLA)
3 - Quinn Hughes (FLA)
Referees : Kevin Pollock and Jake Brenk
Linesman : Jeff Walker and Stephen Drain
Game Note
Jack Hughes has scored a Hat Trick!
Finance
Level 1 -- Attendance: 5816 (96,93%) -- Ticket Income $697,920
Level 2 -- Attendance: 4322 (86,44%) -- Ticket Income $401,946
Level 3 -- Attendance: 3295 (94,14%) -- Ticket Income $224,060
Level 4 -- Attendance: 2546 (67,89%) -- Ticket Income $104,386
Luxury Box -- Attendance: 998 (99,80%) -- Ticket Income $229,540
Game was played at the BBT Center.
Total Attendance: 16977 (88,19%)
Total Ticket Income: $1,657,852
Other Income: $414,463
Total Income: $2,072,315



Team Name Goals Shots Shots Attemp Shots Blocked PIM HIT PP PK FO%
Oilers 31735310151 / 2 (50%)357%
Panthers 6355514183 / 5 (60%)143%

Oilers
Player Name POS G A P +/- PIM HIT SHT SB MP PP MP PP SHT PK MP PK SHT FO% FOT
Alex VlasicD0111211118:470:0003:1700% 0
Brandon HagelLW0221001017:121:1100:000100% 1
Cole PerfettiC101-2021017:551:2810:0000% 1
Colton ParaykoD000-1010123:211:5103:5300% 0
David SavardD0111210117:230:0001:5300% 0
Devon ToewsD000-1210019:241:5100:0000% 0
Dylan StromeC1011012017:321:1100:20048% 21
Evan RodriguesC0110012012:071:2800:0000% 0
Jackson LaCombeD000-1020020:410:4802:1600% 0
JJ PeterkaRW1011014017:121:1100:0000% 1
Jordan EberleRW000-2000017:150:4800:00050% 2
Jordan StaalC0000010014:010:0003:22074% 23
Kasperi KapanenRW000000007:350:0000:0000% 1
Marco RossiC011-2013017:551:2800:00057% 14
Nico SturmC0000010010:320:0002:57050% 10
Ridly GreigC0000000010:570:0003:2200% 0
Sam SteelC0000003013:560:0003:171100% 1
Vladislav GavrikovD000-1410019:310:0001:5900% 0
Panthers
Player Name POS G A P +/- PIM HIT SHT SB MP PP MP PP SHT PK MP PK SHT FO% FOT
Andrei SvechnikovRW0110013022:132:4600:0000% 1
Anthony CirelliC0000012011:420:0001:53037% 19
Brady TkachukLW1231042019:453:5300:20025% 4
Chris TanevD000-1200019:520:3601:0200% 0
Connor McDavidC1120015022:332:4620:20045% 22
Corey PerryRW000001005:540:0000:0000% 0
Hampus LindholmD000-1231021:203:0600:0000% 0
Jack HughesC3141005019:253:5330:00048% 21
Jonas SiegenthalerD0111010013:390:0000:0000% 0
Matthew TkachukLW0110035022:132:4620:0000% 1
Mattias JanmarkC000000006:200:0000:2600% 0
Mikael BacklundC000000006:200:0000:26067% 6
Owen TippettRW0111012019:253:5300:0000% 0
Quinn HughesD1121013124:082:5711:4300% 0
Ross ColtonC000000209:490:0000:0000% 0
Ryan McDonaghD0221001023:313:0601:3700% 0
TJ BrodieD0001001017:283:3300:5600% 0
Trevor MooreLW0000013011:420:0001:5310% 1



Play-by-Play

1st period


0:01 of 1st period - Brandon Hagel wins face-off versus Connor McDavid in neutral zone.
0:16 of 1st period - Shot by Dylan Strome.
0:16 of 1st period - Stopped by Jake Allen with a rebound.
0:24 of 1st period - Shot by JJ Peterka.
0:24 of 1st period - Shot Misses the Net.
0:26 of 1st period - Shot by Colton Parayko.
0:26 of 1st period - Shot Blocked by Quinn Hughes.
1:19 of 1st period - Icing by Devon Toews.
1:20 of 1st period - Marco Rossi wins face-off versus Brady Tkachuk in Oilers zone.
1:31 of 1st period - Chris Tanev is hit by Cole Perfetti.
2:15 of 1st period - Icing by Alex Vlasic.
2:16 of 1st period - Jordan Staal wins face-off versus Anthony Cirelli in Oilers zone.
2:22 of 1st period - Icing by Alex Vlasic.
2:23 of 1st period - Jordan Staal wins face-off versus Trevor Moore in Oilers zone.
2:39 of 1st period - Jordan Staal is hit by Jonas Siegenthaler and loses puck.
2:54 of 1st period - Shot by Sam Steel.
2:54 of 1st period - Shot Misses the Net.
3:21 of 1st period - Icing by Colton Parayko.
3:22 of 1st period - Nico Sturm wins face-off versus Mikael Backlund in Oilers zone.
3:22 of 1st period - Nico Sturm is hit by Corey Perry.
5:06 of 1st period - Shot by Quinn Hughes.
5:06 of 1st period - Stopped by Karel Vejmelka with a rebound.
5:36 of 1st period - Alex Vlasic is hit by Owen Tippett and loses puck.
5:47 of 1st period - Shot by Jack Hughes.
5:47 of 1st period - Shot Misses the Net.
5:49 of 1st period - Shot by Brady Tkachuk.
5:49 of 1st period - Stopped by Karel Vejmelka without a rebound.
5:50 of 1st period - Jordan Staal wins face-off versus Anthony Cirelli in Oilers zone.
6:49 of 1st period - Off-side.
6:50 of 1st period - Connor McDavid wins face-off versus Marco Rossi in neutral zone.
7:00 of 1st period - Icing by Alex Vlasic.
7:01 of 1st period - Brady Tkachuk wins face-off versus Marco Rossi in Oilers zone.
7:31 of 1st period - Shot by Marco Rossi.
7:31 of 1st period - Shot Misses the Net.
8:11 of 1st period - Shot by Matthew Tkachuk.
8:11 of 1st period - Stopped by Karel Vejmelka without a rebound.
8:12 of 1st period - Mikael Backlund wins face-off versus JJ Peterka in Oilers zone.
9:21 of 1st period - Icing by Colton Parayko.
9:22 of 1st period - Nico Sturm wins face-off versus Connor McDavid in Oilers zone.
9:49 of 1st period - Shot by Connor McDavid.
9:49 of 1st period - Shot Misses the Net.
10:26 of 1st period - Jonas Siegenthaler is hit by Nico Sturm and loses puck.
10:46 of 1st period - Marco Rossi is hit by Brady Tkachuk and loses puck.
10:55 of 1st period - Shot by Brady Tkachuk.
10:55 of 1st period - Goal by Brady Tkachuk - Oilers : 0 - Panthers : 1.
10:56 of 1st period - Jordan Staal wins face-off versus Anthony Cirelli in neutral zone.
11:30 of 1st period - Icing by Vladislav Gavrikov.
11:31 of 1st period - Sam Steel wins face-off versus Connor McDavid in Oilers zone.
11:39 of 1st period - Icing by Quinn Hughes.
11:40 of 1st period - Marco Rossi wins face-off versus Matthew Tkachuk in Panthers zone.
11:51 of 1st period - Shot by Connor McDavid.
11:51 of 1st period - Shot Blocked by David Savard.
12:07 of 1st period - Shot by Jordan Eberle.
12:07 of 1st period - Shot Misses the Net.
12:41 of 1st period - Shot by JJ Peterka.
12:41 of 1st period - Shot Misses the Net.
13:29 of 1st period - Owen Tippett is hit by JJ Peterka.
14:41 of 1st period - Shot by Marco Rossi.
14:41 of 1st period - Stopped by Jake Allen without a rebound.
14:42 of 1st period - Mikael Backlund wins face-off versus Nico Sturm in Panthers zone.
14:56 of 1st period - Quinn Hughes is hit by Alex Vlasic and loses puck.
16:04 of 1st period - Devon Toews is hit by Matthew Tkachuk.
17:15 of 1st period - Icing by Jonas Siegenthaler.
17:16 of 1st period - Jordan Staal wins face-off versus Jack Hughes in Panthers zone.
17:23 of 1st period - Alex Vlasic is hit by Brady Tkachuk and loses puck.
17:49 of 1st period - Shot by Ross Colton.
17:49 of 1st period - Shot Misses the Net.
17:51 of 1st period - Shot by Ryan McDonagh.
17:51 of 1st period - Stopped by Karel Vejmelka without a rebound.
17:52 of 1st period - Connor McDavid wins face-off versus Dylan Strome in Oilers zone.
18:06 of 1st period - Matthew Tkachuk is hit by Jackson LaCombe and loses puck.
18:17 of 1st period - Shot by JJ Peterka.
18:17 of 1st period - Stopped by Jake Allen with a rebound.
18:23 of 1st period - Shot by JJ Peterka.
18:23 of 1st period - Stopped by Jake Allen without a rebound.
18:24 of 1st period - Marco Rossi wins face-off versus Anthony Cirelli in Panthers zone.
18:35 of 1st period - Shot by Marco Rossi.
18:35 of 1st period - Stopped by Jake Allen without a rebound.
18:36 of 1st period - Jordan Staal wins face-off versus Jack Hughes in Panthers zone.
18:39 of 1st period - Shot by Evan Rodrigues.
18:39 of 1st period - Shot Misses the Net.
18:41 of 1st period - Shot by Evan Rodrigues.
18:41 of 1st period - Shot Misses the Net.
18:43 of 1st period - Shot by Alex Vlasic.
18:43 of 1st period - Stopped by Jake Allen without a rebound.
18:44 of 1st period - Connor McDavid wins face-off versus Dylan Strome in Panthers zone.
18:57 of 1st period - Shot by Matthew Tkachuk.
18:57 of 1st period - Shot Misses the Net.
19:01 of 1st period - Shot by Andrei Svechnikov.
19:01 of 1st period - Deflect By Connor McDavid.
19:01 of 1st period - Goal by Connor McDavid - Oilers : 0 - Panthers : 2.
19:02 of 1st period - Marco Rossi wins face-off versus Jack Hughes in neutral zone.
19:30 of 1st period - Shot by Hampus Lindholm.
19:30 of 1st period - Stopped by Karel Vejmelka without a rebound.
19:31 of 1st period - Connor McDavid wins face-off versus Dylan Strome in Oilers zone.
Goals for this period are 0 for Oilers vs 2 for Panthers.
Shots for this period are 6 for Oilers vs 7 for Panthers.

2nd period


0:01 of 2nd period - Marco Rossi wins face-off versus Connor McDavid in neutral zone.
2:03 of 2nd period - Shot by Anthony Cirelli.
2:03 of 2nd period - Stopped by Karel Vejmelka without a rebound.
2:04 of 2nd period - Jordan Staal wins face-off versus Mikael Backlund in Oilers zone.
2:18 of 2nd period - Icing by Mikael Backlund.
2:19 of 2nd period - Mikael Backlund wins face-off versus Dylan Strome in Panthers zone.
2:53 of 2nd period - Shot by JJ Peterka.
2:53 of 2nd period - Shot Misses the Net.
2:59 of 2nd period - Shot by JJ Peterka.
2:59 of 2nd period - Shot Misses the Net.
3:23 of 2nd period - Shot by Connor McDavid.
3:23 of 2nd period - Stopped by Karel Vejmelka without a rebound.
3:24 of 2nd period - Nico Sturm wins face-off versus Connor McDavid in Oilers zone.
3:24 of 2nd period - Devon Toews is hit by Connor McDavid and loses puck.
3:34 of 2nd period - Connor McDavid is hit by Devon Toews and loses puck.
3:46 of 2nd period - Minor Penalty to Devon Toews for Boarding.
3:47 of 2nd period - Jack Hughes wins face-off versus Jordan Staal in Oilers zone.
3:54 of 2nd period - Shot by Jack Hughes.
3:54 of 2nd period - Stopped by Karel Vejmelka without a rebound.
3:55 of 2nd period - Connor McDavid wins face-off versus Nico Sturm in Oilers zone.
5:08 of 2nd period - Shot by Ryan McDonagh.
5:08 of 2nd period - Deflect By Jack Hughes.
5:08 of 2nd period - Goal by Jack Hughes - Oilers : 0 - Panthers : 3.
5:09 of 2nd period - Dylan Strome wins face-off versus Anthony Cirelli in neutral zone.
5:24 of 2nd period - Shot by Trevor Moore.
5:24 of 2nd period - Stopped by Karel Vejmelka without a rebound.
5:25 of 2nd period - Marco Rossi wins face-off versus Brady Tkachuk in Oilers zone.
6:03 of 2nd period - Icing by Ryan McDonagh.
6:04 of 2nd period - Jordan Staal wins face-off versus Jack Hughes in Panthers zone.
6:17 of 2nd period - Shot by Sam Steel.
6:17 of 2nd period - Stopped by Jake Allen without a rebound.
6:18 of 2nd period - Dylan Strome wins face-off versus Connor McDavid in Panthers zone.
6:31 of 2nd period - Shot by David Savard.
6:31 of 2nd period - Shot Misses the Net.
6:41 of 2nd period - Shot by JJ Peterka.
6:41 of 2nd period - Goal by JJ Peterka - Oilers : 1 - Panthers : 3.
6:42 of 2nd period - Jordan Staal wins face-off versus Anthony Cirelli in neutral zone.
6:47 of 2nd period - Shot by Jordan Staal.
6:47 of 2nd period - Shot Misses the Net.
7:09 of 2nd period - Shot by Sam Steel.
7:09 of 2nd period - Stopped by Jake Allen without a rebound.
7:10 of 2nd period - Dylan Strome wins face-off versus Connor McDavid in Panthers zone.
7:13 of 2nd period - Shot by Brandon Hagel.
7:13 of 2nd period - Stopped by Jake Allen with a rebound.
7:16 of 2nd period - Icing by Quinn Hughes.
7:17 of 2nd period - Dylan Strome wins face-off versus Connor McDavid in Panthers zone.
7:37 of 2nd period - Shot by Ryan McDonagh.
7:37 of 2nd period - Shot Misses the Net.
8:03 of 2nd period - Shot by Andrei Svechnikov.
8:03 of 2nd period - Stopped by Karel Vejmelka without a rebound.
8:04 of 2nd period - Anthony Cirelli wins face-off versus Jordan Staal in Oilers zone.
8:27 of 2nd period - Shot by Evan Rodrigues.
8:27 of 2nd period - Stopped by Jake Allen without a rebound.
8:28 of 2nd period - Jack Hughes wins face-off versus Marco Rossi in Panthers zone.
10:00 of 2nd period - Shot by Brandon Hagel.
10:00 of 2nd period - Shot Misses the Net.
10:02 of 2nd period - Shot by Brandon Hagel.
10:02 of 2nd period - Shot Misses the Net.
10:36 of 2nd period - Shot by Ross Colton.
10:36 of 2nd period - Stopped by Karel Vejmelka without a rebound.
10:37 of 2nd period - Anthony Cirelli wins face-off versus Kasperi Kapanen in Oilers zone.
10:45 of 2nd period - Off-side.
10:46 of 2nd period - Jordan Staal wins face-off versus Anthony Cirelli in neutral zone.
10:57 of 2nd period - Minor Penalty to David Savard for Hooking.
10:58 of 2nd period - Jack Hughes wins face-off versus Nico Sturm in Oilers zone.
11:59 of 2nd period - Shot by Matthew Tkachuk.
11:59 of 2nd period - Stopped by Karel Vejmelka without a rebound.
12:00 of 2nd period - Nico Sturm wins face-off versus Connor McDavid in Oilers zone.
12:24 of 2nd period - Shot by Connor McDavid.
12:24 of 2nd period - Stopped by Karel Vejmelka with a rebound.
12:26 of 2nd period - Shot by Matthew Tkachuk.
12:26 of 2nd period - Stopped by Karel Vejmelka without a rebound.
12:27 of 2nd period - Jordan Staal wins face-off versus Jack Hughes in Oilers zone.
12:35 of 2nd period - Icing by Quinn Hughes.
12:36 of 2nd period - Jordan Staal wins face-off versus Jack Hughes in Panthers zone.
13:00 of 2nd period - Shot by Brady Tkachuk.
13:00 of 2nd period - Shot Misses the Net.
13:34 of 2nd period - Shot by Marco Rossi.
13:34 of 2nd period - Stopped by Jake Allen with a rebound.
14:32 of 2nd period - Shot by Dylan Strome.
14:32 of 2nd period - Deflect By JJ Peterka.
14:32 of 2nd period - Stopped by Jake Allen with a rebound.
15:21 of 2nd period - Shot by Evan Rodrigues.
15:21 of 2nd period - Shot Misses the Net.
16:05 of 2nd period - Shot by Nico Sturm.
16:05 of 2nd period - Shot Misses the Net.
17:19 of 2nd period - Shot by Anthony Cirelli.
17:19 of 2nd period - Stopped by Karel Vejmelka without a rebound.
17:20 of 2nd period - Mikael Backlund wins face-off versus Dylan Strome in Oilers zone.
18:37 of 2nd period - Icing by Vladislav Gavrikov.
18:38 of 2nd period - Jordan Staal wins face-off versus Jack Hughes in Oilers zone.
18:57 of 2nd period - Minor Penalty to Vladislav Gavrikov for Diving.
18:58 of 2nd period - Jack Hughes wins face-off versus Nico Sturm in Oilers zone.
Goals for this period are 1 for Oilers vs 1 for Panthers.
Shots for this period are 7 for Oilers vs 11 for Panthers.

3rd period


0:01 of 3rd period - Jordan Staal wins face-off versus Andrei Svechnikov in neutral zone.
0:24 of 3rd period - Shot by Quinn Hughes.
0:24 of 3rd period - Goal by Quinn Hughes - Oilers : 1 - Panthers : 4.
0:25 of 3rd period - Marco Rossi wins face-off versus Jack Hughes in neutral zone.
0:27 of 3rd period - Colton Parayko is hit by Hampus Lindholm and loses puck.
0:35 of 3rd period - Hampus Lindholm is hit by Cole Perfetti and loses puck.
0:41 of 3rd period - Jack Hughes is hit by Colton Parayko and loses puck.
0:55 of 3rd period - Jackson LaCombe is hit by Hampus Lindholm and loses puck.
0:59 of 3rd period - Icing by Owen Tippett.
1:00 of 3rd period - Jack Hughes wins face-off versus Dylan Strome in Panthers zone.
1:16 of 3rd period - Minor Penalty to Chris Tanev for Roughing.
1:17 of 3rd period - Anthony Cirelli wins face-off versus Cole Perfetti in Panthers zone.
1:17 of 3rd period - Anthony Cirelli is hit by Marco Rossi.
1:52 of 3rd period - Shot by Colton Parayko.
1:52 of 3rd period - Shot Misses the Net.
1:54 of 3rd period - Shot by Marco Rossi.
1:54 of 3rd period - Deflect By Evan Rodrigues.
1:54 of 3rd period - Shot Misses the Net.
1:56 of 3rd period - Shot by Cole Perfetti.
1:56 of 3rd period - Goal by Cole Perfetti - Oilers : 2 - Panthers : 4.
1:57 of 3rd period - Dylan Strome wins face-off versus Connor McDavid in neutral zone.
2:15 of 3rd period - Shot by Andrei Svechnikov.
2:15 of 3rd period - Stopped by Karel Vejmelka with a rebound.
2:27 of 3rd period - Shot by Matthew Tkachuk.
2:27 of 3rd period - Stopped by Karel Vejmelka without a rebound.
2:28 of 3rd period - Jack Hughes wins face-off versus Nico Sturm in Oilers zone.
2:28 of 3rd period - Brady Tkachuk is hit by Jackson LaCombe and loses puck.
2:35 of 3rd period - Shot by Brady Tkachuk.
2:35 of 3rd period - Shot Hit the Post.
2:37 of 3rd period - Shot by TJ Brodie.
2:37 of 3rd period - Stopped by Karel Vejmelka with a rebound.
2:41 of 3rd period - Shot by Brady Tkachuk.
2:41 of 3rd period - Shot Misses the Net.
2:53 of 3rd period - Shot by Brady Tkachuk.
2:53 of 3rd period - Shot Misses the Net.
2:55 of 3rd period - Shot by Jack Hughes.
2:55 of 3rd period - Stopped by Karel Vejmelka with a rebound.
2:57 of 3rd period - Shot by Jonas Siegenthaler.
2:57 of 3rd period - Shot Misses the Net.
2:59 of 3rd period - Shot by Owen Tippett.
2:59 of 3rd period - Shot Misses the Net.
4:02 of 3rd period - Icing by Ryan McDonagh.
4:03 of 3rd period - Connor McDavid wins face-off versus Marco Rossi in Panthers zone.
4:29 of 3rd period - Cole Perfetti is hit by Matthew Tkachuk and loses puck.
4:35 of 3rd period - Vladislav Gavrikov is hit by Quinn Hughes and loses puck.
5:13 of 3rd period - Icing by Vladislav Gavrikov.
5:14 of 3rd period - Jack Hughes wins face-off versus Jordan Eberle in Oilers zone.
5:17 of 3rd period - Shot by Jack Hughes.
5:17 of 3rd period - Shot Misses the Net.
5:30 of 3rd period - Icing by TJ Brodie.
5:31 of 3rd period - Dylan Strome wins face-off versus Jack Hughes in Panthers zone.
5:36 of 3rd period - Shot by Dylan Strome.
5:36 of 3rd period - Goal by Dylan Strome - Oilers : 3 - Panthers : 4.
5:37 of 3rd period - Dylan Strome wins face-off versus Anthony Cirelli in neutral zone.
5:53 of 3rd period - Shot by Trevor Moore.
5:53 of 3rd period - Stopped by Karel Vejmelka without a rebound.
5:54 of 3rd period - Jordan Staal wins face-off versus Jack Hughes in Oilers zone.
5:54 of 3rd period - Jordan Staal is hit by Brady Tkachuk.
6:15 of 3rd period - Jack Hughes is hit by Jordan Staal and loses puck.
6:34 of 3rd period - Shot by Owen Tippett.
6:34 of 3rd period - Stopped by Karel Vejmelka without a rebound.
6:35 of 3rd period - Dylan Strome wins face-off versus Connor McDavid in Oilers zone.
7:16 of 3rd period - Icing by JJ Peterka.
7:17 of 3rd period - Anthony Cirelli wins face-off versus Dylan Strome in Oilers zone.
7:23 of 3rd period - Icing by Dylan Strome.
7:24 of 3rd period - Dylan Strome wins face-off versus Anthony Cirelli in Oilers zone.
8:04 of 3rd period - Icing by Hampus Lindholm.
8:05 of 3rd period - Anthony Cirelli wins face-off versus Jordan Staal in Panthers zone.
8:12 of 3rd period - Shot by Ross Colton.
8:12 of 3rd period - Stopped by Karel Vejmelka without a rebound.
8:13 of 3rd period - Connor McDavid wins face-off versus Marco Rossi in Oilers zone.
8:45 of 3rd period - Shot by Matthew Tkachuk.
8:45 of 3rd period - Shot Misses the Net.
8:49 of 3rd period - Shot by Andrei Svechnikov.
8:49 of 3rd period - Shot Hit the Post.
8:57 of 3rd period - Marco Rossi is hit by Andrei Svechnikov and loses puck.
9:21 of 3rd period - Shot by Brady Tkachuk.
9:21 of 3rd period - Shot Misses the Net.
9:25 of 3rd period - Shot by Jack Hughes.
9:25 of 3rd period - Goal by Jack Hughes - Oilers : 3 - Panthers : 5.
9:26 of 3rd period - Dylan Strome wins face-off versus Anthony Cirelli in neutral zone.
10:21 of 3rd period - Alex Vlasic is hit by Trevor Moore and loses puck.
10:41 of 3rd period - Icing by David Savard.
10:42 of 3rd period - Jordan Staal wins face-off versus Connor McDavid in Oilers zone.
10:42 of 3rd period - Jordan Staal is hit by Matthew Tkachuk.
11:10 of 3rd period - Connor McDavid is hit by David Savard and loses puck.
11:19 of 3rd period - Shot by Matthew Tkachuk.
11:19 of 3rd period - Stopped by Karel Vejmelka without a rebound.
11:20 of 3rd period - Jordan Eberle wins face-off versus Brady Tkachuk in Oilers zone.
11:26 of 3rd period - Icing by Colton Parayko.
11:27 of 3rd period - Marco Rossi wins face-off versus Jack Hughes in Oilers zone.
11:56 of 3rd period - Shot by Owen Tippett.
11:56 of 3rd period - Stopped by Karel Vejmelka without a rebound.
11:57 of 3rd period - Connor McDavid wins face-off versus Dylan Strome in Oilers zone.
12:19 of 3rd period - Connor McDavid is hit by Vladislav Gavrikov and loses puck.
13:56 of 3rd period - Chris Tanev is hit by Evan Rodrigues.
13:59 of 3rd period - Off-side.
14:00 of 3rd period - Nico Sturm wins face-off versus Anthony Cirelli in neutral zone.
14:17 of 3rd period - Minor Penalty to Vladislav Gavrikov for High sticking.
14:18 of 3rd period - Connor McDavid wins face-off versus Jordan Staal in Oilers zone.
14:39 of 3rd period - Shot by Connor McDavid.
14:39 of 3rd period - Stopped by Karel Vejmelka without a rebound.
14:40 of 3rd period - Jack Hughes wins face-off versus Jordan Staal in Oilers zone.
14:55 of 3rd period - Ridly Greig is hit by Brady Tkachuk and loses puck.
15:00 of 3rd period - Shot by Hampus Lindholm.
15:00 of 3rd period - Shot Misses the Net.
15:02 of 3rd period - Shot by Owen Tippett.
15:02 of 3rd period - Shot Blocked by Alex Vlasic.
15:04 of 3rd period - Shot by Ryan McDonagh.
15:04 of 3rd period - Shot Blocked by Colton Parayko.
15:06 of 3rd period - Shot by Jack Hughes.
15:06 of 3rd period - Goal by Jack Hughes - Oilers : 3 - Panthers : 6.
15:07 of 3rd period - Connor McDavid wins face-off versus Dylan Strome in neutral zone.
15:28 of 3rd period - Shot by Connor McDavid.
15:28 of 3rd period - Stopped by Karel Vejmelka with a rebound.
15:36 of 3rd period - Shot by Andrei Svechnikov.
15:36 of 3rd period - Stopped by Karel Vejmelka without a rebound.
15:37 of 3rd period - Jordan Staal wins face-off versus Anthony Cirelli in Oilers zone.
15:48 of 3rd period - Shot by Evan Rodrigues.
15:48 of 3rd period - Stopped by Jake Allen without a rebound.
15:49 of 3rd period - Jack Hughes wins face-off versus Marco Rossi in Panthers zone.
16:01 of 3rd period - Marco Rossi is hit by Hampus Lindholm and loses puck.
16:05 of 3rd period - Minor Penalty to Hampus Lindholm for Cross-checking.
16:06 of 3rd period - Anthony Cirelli wins face-off versus Dylan Strome in Panthers zone.
16:12 of 3rd period - Icing by Brandon Hagel.
16:13 of 3rd period - Anthony Cirelli wins face-off versus Dylan Strome in Oilers zone.
16:32 of 3rd period - JJ Peterka is hit by Anthony Cirelli and loses puck.
16:43 of 3rd period - Shot by Trevor Moore.
16:43 of 3rd period - Stopped by Karel Vejmelka with a rebound.
16:49 of 3rd period - TJ Brodie is hit by Dylan Strome and loses puck.
18:40 of 3rd period - Shot by Quinn Hughes.
18:40 of 3rd period - Stopped by Karel Vejmelka with a rebound.
18:57 of 3rd period - Minor Penalty to Alex Vlasic for Slashing.
18:58 of 3rd period - Jack Hughes wins face-off versus Jordan Staal in Oilers zone.
19:35 of 3rd period - Shot by Ryan McDonagh.
19:35 of 3rd period - Shot Misses the Net.
19:49 of 3rd period - Shot by Sam Steel.
19:49 of 3rd period - Stopped by Jake Allen with a rebound.
Goals for this period are 2 for Oilers vs 3 for Panthers.
Shots for this period are 4 for Oilers vs 17 for Panthers.